 Dungeon Crawl Stone Soup version 0.28-a0-793-g31680bbd8b (webtiles) character file.

Game seed: 1867392213688093413

7102 vurker the Zephyrmancer (level 10, -3/84 HPs)
             Began as a Demigod Air Elementalist on Oct 23, 2021.
             Slain by a manticore (20 damage)
             ... on level 10 of the Dungeon on Nov 3, 2021.
             The game lasted 00:17:06 (13532 turns).

vurker the Zephyrmancer (Demigod Air Elementalist) Turns: 13532, Time: 00:17:07

Health: -3/84      AC:  6    Str:  9    XL:     10   Next: 55%
Magic:  4/26       EV: 16    Int: 29    God:
Gold:   443        SH:  6    Dex: 14    Spells: 21/26 levels left

rFire   . . .      SeeInvis +   b - staff of air
rCold   . . .      Faith    .   E - +1 buckler
rNeg    . . .      Spirit   .   a - +0 robe
rPois   .          Reflect  .   n - +0 helmet
rElec   +          Harm     .   f - +2 cloak
rCorr   +          Rampage  .   (no gloves)
Will    +....                   (no boots)
Stlth   ++........              B - amulet of magic regeneration
HPRegen 0.24/turn               p - ring "Urehum" {EV+4 SInv}
MPRegen 0.45/turn               L - ring of resist corrosion

@: no status effects
A: high mp 1, forlorn
a: no special abilities


You were on level 10 of the Dungeon.
You visited 1 branch of the dungeon, and saw 10 of its levels.

You collected 443 gold pieces.

Inventory:

Hand Weapons
 k - a +1 dagger of draining
   (You took it off a goblin on level 2 of the Dungeon)
Armour
 a - a +0 robe (worn)
 f - a +2 cloak (worn)
   (You found it on level 10 of the Dungeon)
 n - a +0 helmet (worn)
   (You took it off Robin on level 3 of the Dungeon)
 E - a +1 buckler (worn)
   (You found it on level 6 of the Dungeon)
Magical Staves
 b - a staff of air (weapon)
   (You acquired it on level 9 of the Dungeon)
 J - a staff of earth
   (You found it on level 9 of the Dungeon)
Jewellery
 p - the ring "Urehum" (left hand) {EV+4 SInv}
   (You found it on level 6 of the Dungeon)

   [ring of evasion]

   EV:        It affects your evasion (+4).
   SInv:      It lets you see invisible.
 y - a ring of fire
   (You found it on level 5 of the Dungeon)
 B - an amulet of magic regeneration (around neck)
   (You found it on level 6 of the Dungeon)
 L - a ring of resist corrosion (right hand)
   (You found it on level 9 of the Dungeon)
Wands
 o - a wand of polymorph (13)
   (You took it off Robin on level 3 of the Dungeon)
 t - a wand of flame (3)
   (You found it on level 7 of the Dungeon)
 u - a wand of paralysis (3)
   (You took it off Psyche on level 8 of the Dungeon)
 v - a wand of digging (5)
   (You found it on level 6 of the Dungeon)
Scrolls
 d - 3 scrolls of teleportation
 i - 2 scrolls of fear
 j - 3 scrolls of amnesia
 w - a scroll of enchant armour
Potions
 c - 3 potions of lignification
 e - 4 potions of mutation
 g - a potion of might {unknown}
 h - a potion of resistance {unknown}
 l - 2 potions of flight
 q - 4 potions of invisibility
 C - 2 potions of magic
 D - 2 potions of curing
 F - a potion of ambrosia {unknown}
 G - a potion of haste {unknown}
 I - 4 potions of heal wounds
 M - a potion of degeneration {unknown}


   Skills:
 + Level 6.3 Fighting
 - Level 1.7 Dodging
 - Level 1.7 Stealth
 - Level 4.0 Shields
 * Level 8.6 Spellcasting
 - Level 3.0 Conjurations
 * Level 9.6 Air Magic


You had 21 spell levels left.
You knew the following spells:

 Your Spells              Type           Power      Damage    Failure   Level
a - Shock                 Conj/Air       100%       1d9       1%          1
c - Airstrike             Air            40%        N/A       1%          4

Your spell library contained the following spells:

 Spells                   Type           Power      Damage    Failure   Level
 Static Discharge         Conj/Air       65%        N/A       1%          2
 Swiftness                Air            80%        N/A       1%          3
 Animate Skeleton         Necr           24%        N/A       4%          1
 Apportation              Tloc           24%        N/A       4%          1
 Summon Small Mammal      Summ           48%        N/A       4%          1
 Sublimation of Blood     Necr           12%        N/A       6%          2
 Wereblood                Tmut           12%        N/A       6%          2
 Dazzling Flash           Conj/Hex       42%        N/A       7%          3
 Silence                  Hex/Air        28%        N/A       17%         5
 Agony                    Necr           12%        N/A       75%         5
 Summon Hydra             Summ           6%         N/A       100%        7


Dungeon Overview and Level Annotations

Branches:
Dungeon (10/15)            Temple (0/1) D:5
   Lair: D:8-11         Orc: D:9-12

Annotations:
D:3 2 transporters, ma3's ghost, amateur OpCj
D:5 3 runed translucent doors, DungeonMaster's ghost, amateur DsWn


Innate Abilities, Weirdness & Mutations

Your attributes grow dramatically as you level up.
You have an increased reservoir of magic. (+10% MP)
You shall have no god before yourself.


Message History

The unseen horror closely misses you.
Aim: an unseen horror (almost dead, slightly transparent, empty space bonus: 5/8)
You feel a surge of power!
The air twists around and strikes the unseen horror!
You kill the unseen horror!
The acid dragon spits acid at you. The splash of acid hits you! You resist.
Aim: an acid dragon (catching its breath, empty space bonus: 8/8)
You feel a surge of power!
The air twists around and strikes the acid dragon!
The acid dragon spits acid at you. The splash of acid hits you! You resist.
Aim: an acid dragon (heavily wounded, empty space bonus: 6/8)
You feel a surge of power!
The air twists around and strikes the acid dragon!
The acid dragon spits acid at you. The splash of acid hits you. You resist.
There is an escape hatch in the ceiling here.
An acid dragon is nearby!
Aim: an acid dragon (severely wounded, empty space bonus: 6/8)
You feel a surge of power!
The air twists around and strikes the acid dragon!
You kill the acid dragon!
A manticore is nearby!
Aim: a manticore (empty space bonus: 6/8)
You feel a surge of power!
The air twists around and strikes the manticore!
The manticore flicks its tail.
The volley of spikes misses you.
Aim: a manticore (moderately wounded, empty space bonus: 6/8)
You feel a surge of power!
The air twists around and strikes the manticore!
Aim: a manticore (heavily wounded, empty space bonus: 4/8)
You feel a surge of power!
The air twists around and strikes the manticore!
The manticore bites you!!
* * * LOW HITPOINT WARNING * * *
The manticore claws you!
* * * LOW HITPOINT WARNING * * *
The manticore closely misses you.
You don't have enough magic to cast this spell.
Aim: a manticore (severely wounded, chance to affect: 28%)
The manticore easily resists.
The manticore bites you!
* * * LOW HITPOINT WARNING * * *
The manticore claws you but does no damage.
The manticore claws you!
* * * LOW HITPOINT WARNING * * *
Aim: a manticore (severely wounded, chance to affect: 28%)
The manticore easily resists.
The manticore bites you!!
You die...

................. ^.....#.#..
................# #.#.#.#.#.####
.#........#####.###.#.#.#.#.#...
.....(..#.....#..##.#.#.#.#.#.#.
#..#....#.....##.##.#...#.#.#.#.
.......................[....>.#.
..............##.##.......#...##
#########....##..#######.#...#
........@H...........###
##########.#######.### #.......#
#... #.....#..# #.### #.....#..#
#.# #.....##D# #.# #..... #.##
#.# #..... #H.# #.# #..... #..##


You could see a manticore.

Vanquished Creatures
  2 two-headed ogres (D:9)
  An unseen horror (D:10)
  Psyche (D:8)
  A hornet (D:8)
  Grinder (D:3)
  A shadow (D:10)
  7 yaks
  Menkaure (D:4)
  2 water moccasins
  2 acid dragons
  3 black bears
  6 orc warriors
  2 ice beasts
  A necrophage (D:6)
  An ogre (D:6)
  3 centaurs
  4 kobold brigands
  A wyvern zombie (D:7)
  A gnoll sergeant (D:8)
  3 wights (D:8)
  3 howler monkeys
  2 centaur zombies (D:9)
  7 orc priests
  7 hounds
  A gnoll shaman (D:9)
  Jessica (D:3)
  Ijyb (D:3)
  5 iguanas
  6 orc wizards
  Natasha (thrice) (D:3)
  3 howler monkey zombies
  Robin (D:3)
  9 gnolls
  4 adders
  A howler monkey skeleton (D:6)
  2 white imps
  An ufetubus (D:5)
  2 adder skeletons (D:4)
  3 worms
  2 dart slugs
  30 orcs
  7 endoplasms
  2 giant cockroaches
  14 goblins
  3 hobgoblins
  7 jackals
  24 kobolds
  4 quokkas
  11 ball pythons
  5 bats
  4 frilled lizards
  7 rats
226 creatures vanquished.

Notes
Turn   | Place    | Note
-------+----------+-------------------------------------------
     0 | D:1      | vurker the Demigod Air Elementalist began the quest for the
                  | Orb.
     0 | D:1      | Reached XP level 1. HP: 14/14 MP: 5/5
   247 | D:1      | Reached skill level 1 in Conjurations
   410 | D:1      | Reached XP level 2. HP: 20/20 MP: 2/7
   526 | D:1      | Reached skill level 3 in Air Magic
  1316 | D:2      | Reached XP level 3. HP: 27/27 MP: 1/9
  1921 | D:2      | Reached skill level 1 in Fighting
  2661 | D:3      | Noticed ma3's ghost (amateur OpCj)
  2676 | D:3      | Found a transporter.
  2734 | D:3      | Noticed Jessica
  2736 | D:3      | Killed Jessica
  2737 | D:3      | Reached XP level 4. HP: 35/35 MP: 7/10
  2821 | D:3      | Learned a level 4 spell: Airstrike
  2929 | D:3      | Noticed Ijyb
  2930 | D:3      | Paralysed by Ijyb for 2 turns
  2939 | D:3      | Noticed Robin
  2940 | D:3      | Paralysed by Ijyb for 4 turns
  2971 | D:3      | Killed Ijyb
  2993 | D:3      | Killed Robin
  3422 | D:3      | Noticed Natasha
  3427 | D:3      | Killed Natasha
  3428 | D:3      | Reached XP level 5. HP: 41/41 MP: 7/12
  3637 | D:3      | Noticed Grinder
  3655 | D:3      | Killed Grinder
  3656 | D:3      | Reached skill level 4 in Air Magic
  3656 | D:3      | Reached XP level 6. HP: 7/48 MP: 0/14
  3919 | D:3      | Found a transporter.
  4376 | D:3      | Noticed Natasha
  4380 | D:3      | Killed Natasha
  4583 | D:3      | Found a transporter.
  5061 | D:3      | Found a transporter.
  5074 | D:3      | Noticed Natasha
  5079 | D:3      | Killed Natasha
  5383 | D:3      | Found a transporter.
  6259 | D:4      | Noticed Menkaure
  6265 | D:4      | Killed Menkaure
  6266 | D:4      | Reached XP level 7. HP: 28/56 MP: 9/16
  6663 | D:5      | Entered Level 5 of the Dungeon
  6668 | D:5      | Reached skill level 5 in Air Magic
  6774 | D:5      | Noticed DungeonMaster's ghost (amateur DsWn)
  6849 | D:5      | Found a runed translucent gate.
  6966 | D:5      | Found a runed translucent gate.
  6967 | D:5      | Found a runed translucent gate.
  7503 | D:5      | Found a staircase to the Ecumenical Temple.
  7507 | D:5      | Reached skill level 5 in Spellcasting
  8062 | D:6      | Upgraded the game from 0.28-a0-697-g47f3eba078 to
                  | 0.28-a0-706-gf6f64a616a
  8113 | D:6      | Reached XP level 8. HP: 56/63 MP: 4/19
  8131 | D:6      | Reached skill level 6 in Air Magic
  8991 | D:6      | Identified the ring "Urehum" {EV+4 SInv}
  9472 | D:6      | Reached skill level 7 in Air Magic
 10049 | D:7      | Reached XP level 9. HP: 72/72 MP: 10/22
 10108 | D:7      | Reached skill level 1 in Shields
 10908 | D:7      | Upgraded the game from 0.28-a0-706-gf6f64a616a to
                  | 0.28-a0-793-g31680bbd8b
 11057 | D:8      | Reached skill level 5 in Fighting
 11400 | D:8      | Reached skill level 8 in Air Magic
 11729 | D:8      | Noticed Psyche
 11733 | D:8      | Killed Psyche
 11947 | D:9      | Noticed a two-headed ogre
 11951 | D:9      | Killed a two-headed ogre
 11952 | D:9      | Reached XP level 10. HP: 77/83 MP: 9/26
 12354 | D:9      | Noticed a two-headed ogre
 12358 | D:9      | Killed a two-headed ogre
 12359 | D:9      | Reached skill level 9 in Air Magic
 13173 | D:9      | Identified a scroll of acquirement
 13173 | D:9      | Acquired a staff of air
 13184 | D:10     | Entered Level 10 of the Dungeon
 13502 | D:10     | Noticed a manticore
 13532 | D:10     | Slain by a manticore

Illustrated notes

Levels and vault maps discovered:
D:1:      dpeg_arrival_erosion, layout_basic, chequers_ecumenical_altar_simple,
          chequers_serial_rivers_small_a
D:2:      layout_basic
D:3:      layout_loops_corners, gammafunk_ghost_mausoleum, uniq_jessica,
          uniq_natasha, uniq_robin, uniq_ijyb, uniq_grinder
D:4:      layout_basic, uniq_menkaure
D:5:      layout_rooms, mainiacjoe_overflow_boulevard,
          minmay_temple_entry_stoned_glass, gammafunk_ghost_split,
          chequers_serial_rivers_small_b
D:6:      layout_basic, mainiacjoe_overflow_six_doors_small, grunt_tough_drop
D:7:      layout_basic, nicolae_uskayaw_dance_hall, nicolae_gozag_seed_capital,
          grunt_qazlal_sundering, chequers_garden
D:8:      layout_cave_pools, lemuel_crystal_altar, uniq_psyche
D:9:      layout_irregular_city, nicolae_vehumet_radiance,
          grunt_dithmenos_smoke, grunt_temple_overflow_open,
          hangedman_abyss_or_decor_jellyfish_corner, minmay_unpleasant_kobolds
D:10:     layout_basic, tgw_sif, david_orc_1_choice, glass_columns_b

Skill      XL: |  1  2  3  4  5  6  7  8  9 10 |
---------------+-------------------------------+-----
Conjurations   | 1 2 3 |  3.0
Spellcasting   | 2 3 4 5 6 7 8 |  8.6
Air Magic      | 3 4 5 7 8 9 |  9.6
Fighting       | 1 2 3 4 5 6 |  6.3
Shields        | 3 4 |  4.0
Dodging        | |  1.7
Stealth        | |  1.7

Action                   |  1- 3 |  4- 6 |  7- 9 | 10-12 || total
-------------------------+-------+-------+-------+-------++-------
Melee: Dagger            |    15 |     6 |     4 |       ||    25
 Cast: Shock             |   113 |   104 |    25 |    10 ||   252
       Airstrike         |       |       |   167 |    68 ||   235
Evoke: Wand              |       |       |     4 |     2 ||     6
  Use: Scroll            |       |       |       |    19 ||    19
 Stab: Paralysed         |       |       |     3 |       ||     3
Armor: Robe              |     5 |     6 |     7 |     3 ||    21
       Skin              |       |     4 |       |       ||     4
Dodge: Dodged            |    11 |    28 |    33 |    16 ||    88
Block: Other             |       |       |     4 |       ||     4
       Buckler           |       |       |     2 |    13 ||    15

Table legend: (Time is in decaauts)
 A = Elapsed time spent in this place.
 B = Non-inter-level travel time spent in this place.
 C = Inter-level travel time spent in this place.
 D = Time resting spent in this place.
 E = Time spent auto-exploring this place.
 F = Levels seen in this place.
 G = Mean time per level.
                   A        B        C        D        E       F      G
               +--------+--------+--------+--------+--------+-----+--------+
         Total |  13548 |  13207 |    341 |   1293 |  10418 |  10 | 1354.8 |
       Dungeon |  13548 |  13207 |    341 |   1293 |  10418 |  10 | 1354.8 |
               +--------+--------+--------+--------+--------+-----+--------+

Top non-repeatable levels by time:
     D:3: 3105 daAuts
     D:5: 1626 daAuts
     D:6: 1407 daAuts
     D:2: 1366 daAuts
     D:1: 1308 daAuts
     D:7: 1249 daAuts
     D:9: 1192 daAuts
     D:4: 1183 daAuts
     D:8: 831 daAuts
    D:10: 277 daAuts
